 Dungeon Crawl Stone Soup version 0.29-a0-700-g2f1814c7b2 (webtiles) character file.

Game seed: 8951428758606532432

24 gobodom the Stinger (level 2, -2/19 HPs)
             Began as a Demonspawn Venom Mage on June 25, 2022.
             Slain by Terence
             ... wielding a +1 falchion of holy wrath
              (4 damage)
             ... on level 2 of the Dungeon.
             The game lasted 00:04:08 (1353 turns).

gobodom the Stinger (Demonspawn Venom Mage)         Turns: 1353, Time: 00:04:08

Health: -2/19      AC:  2    Str: 10    XL:     2   Next: 79%
Magic:  3/5        EV: 12    Int: 16    God:
Gold:   23         SH:  0    Dex: 13    Spells: 4/5 levels left

rFire   . . .      SeeInvis +   l - +5 mace of Vafuog {venom, *Rage rC+ Str+2 SInv Stlth+}
rCold   + . .      Faith    .   (no shield)
rNeg    . . .      Spirit   .   a - +0 robe
rPois   .          Reflect  .   (no helmet)
rElec   .          Harm     .   (no cloak)
rCorr   .          Rampage  .   (no gloves)
Will    .....      Rage     20% (no boots)
Stlth   +++.......              (no amulet)
HPRegen 0.06/turn               (no ring)
MPRegen 0.09/turn               (no ring)

@: no status effects
A: spiny 1
a: no special abilities


You were on level 2 of the Dungeon.
You visited 1 branch of the dungeon, and saw 2 of its levels.

You collected 23 gold pieces.

Inventory:

Hand Weapons
 i - a +0 short sword
 l - the +5 mace of Vafuog (weapon) {venom, *Rage rC+ Str+2 SInv Stlth+}
   (You found it on level 2 of the Dungeon)

   It poisons the flesh of those it strikes.
   Str:       It affects your strength (+2).
   rC:        It protects you from cold.
   SInv:      It lets you see invisible.
   *Rage:     It berserks you when you make melee attacks (+20% chance).
   Stlth:     It makes you more stealthy.
Armour
 a - a +0 robe (worn)
Magical Staves
 e - a staff of air
Jewellery
 k - a ring of ice
Scrolls
 c - a scroll of enchant armour {unknown}
 d - a scroll of poison {unknown}
 m - a scroll of identify {unknown}
Potions
 b - a potion of magic
 f - a potion of mutation {unknown}
 g - a potion of degeneration {unknown}
 h - 2 potions of haste {unknown}
 j - 3 potions of lignification {unknown}


   Skills:
 + Level 2.0 Dodging
 + Level 1.8 Stealth
 + Level 2.3 Spellcasting
 + Level 1.1 Transmutations
 + Level 3.5 Poison Magic


You had 4 spell levels left.
You knew the following spells:

 Your Spells              Type           Power      Damage    Failure   Level
a - Sting                 Tmut/Pois      36%        1d4       8%          1

Your spell library contained the following spells:

 Spells                   Type           Power      Damage    Failure   Level
 Poisonous Vapours        Pois/Air       14%        N/A       14%         2
 Mephitic Cloud           Conj/Pois/Air  5%         N/A       36%         3
 Olgreb's Toxic Radiance  Pois           13%        N/A       43%         4


Dungeon Overview and Level Annotations

Branches:
Dungeon (2/15)

Altars:

Annotations:
D:2 Terence


Innate Abilities, Weirdness & Mutations

You are partially covered in sharp spines.


Message History

l - the +5 mace of Vafuog {venom, *Rage rC+ Str+2 SInv Stlth+} The sting hits the goblin.
The goblin is poisoned.
The goblin is severely wounded.
The goblin shouts!
You kill the goblin!
A rat comes into view.
Things that are here:
a +0 club; a goblin corpse You miscast Sting.
You are very lightly contaminated with residual magic.
Nothing appears to happen.
The sting hits the rat.
The rat is poisoned.
The rat is heavily wounded.
The sting hits the rat.
The rat looks even sicker.
You kill the rat!
Things that are here:
a +0 club; a goblin corpse Your magical contamination has completely faded away.
m - a scroll labelled BINIEN SEBI You feel stronger.
The +5 mace of Vafuog {venom, *Rage rC+ Str+2 SInv Stlth+} begins to drip with poison!
l - the +5 mace of Vafuog (weapon)
{venom, *Rage rC+ Str+2 SInv Stlth+}
Found a stone staircase leading down.
A bat comes into view.
Terence the Incautious comes into view.
He is wielding a +1 falchion of holy wrath.
Terence shouts!
The sting misses Terence.
The bat barely misses you.
The sting hits Terence but does no damage.
Terence is poisoned.
The bat misses you. Terence misses you.
You sock Terence!
Terence is heavily wounded.
The bat is struck by your spines. The bat hits you but does no damage.
Terence is struck by your spines.
Terence hits you with a +1 falchion of holy wrath!
Ouch! That really hurt!
You convulse.
Terence hits you with a +1 falchion of holy wrath.
* * * LOW HITPOINT WARNING * * *
You convulse.
You die...

...##...# .#
######.##...###.#
#>...............
##.##.#.##......##
#...#.#.##........
#...#.#.####....#.
#...#.#.####....#.
#...............+.
#@.b..#.####)...#.
#.@.#.#.# ######.
#...#.#.# #.
#...... ...#
#.....#. # #..##.#
# #... .# # ##.# #
# #


You could see Terence (poisoned) and a bat.

Vanquished Creatures
  2 dart slugs
  3 bats (D:1)
  A giant cockroach (D:1)
  2 goblins (D:2)
  A hobgoblin (D:1)
  4 jackals (D:1)
  A kobold (D:1)
  2 frilled lizards (D:1)
  3 rats
19 creatures vanquished.

Notes
Turn   | Place    | Note
-------+----------+-------------------------------------------
     0 | D:1      | gobodom the Demonspawn Venom Mage began the quest for the
                  | Orb.
     0 | D:1      | Reached XP level 1. HP: 13/13 MP: 3/3
   469 | D:1      | Reached skill level 1 in Transmutations
   469 | D:1      | Gained mutation: You are partially covered in sharp spines.
                  | [demonic ancestry]
   469 | D:1      | Reached XP level 2. HP: 7/19 MP: 1/5
  1288 | D:2      | Identified the +5 mace of Vafuog {venom, *Rage rC+ Str+2
                  | SInv Stlth+}
  1347 | D:2      | Noticed Terence
  1353 | D:2      | Slain by Terence

Illustrated notes

Levels and vault maps discovered:
D:1:      lordsloth_arrival_two_stooges, layout_basic
D:2:      layout_basic, serial_shops, shop, basic_altar, minmay_pentomino_v2,
          uniq_terence

Skill      XL: |  1  2 |
---------------+-------+-----
Transmutations | 1 |  1.1
Dodging        | 2 |  2.0
Stealth        | |  1.8
Spellcasting   | |  2.3
Poison Magic   | |  3.5

Action                   || total
-------------------------++-------
Melee: Staff             ||    19
       Unarmed           ||     4
       Mace              ||     1
 Cast: Sting             ||    31
Armor: Robe              ||    12
Dodge: Dodged            ||    31

Table legend: (Time is in decaauts)
 A = Elapsed time spent in this place.
 B = Non-inter-level travel time spent in this place.
 C = Inter-level travel time spent in this place.
 D = Time resting spent in this place.
 E = Time spent auto-exploring this place.
 F = Levels seen in this place.
 G = Mean time per level.
                   A        B        C        D        E       F      G
               +--------+--------+--------+--------+--------+-----+--------+
         Total |   1355 |   1355 |      0 |      0 |   1131 |   2 |  677.5 |
       Dungeon |   1355 |   1355 |      0 |      0 |   1131 |   2 |  677.5 |
               +--------+--------+--------+--------+--------+-----+--------+

Top non-repeatable levels by time:
     D:1: 1216 daAuts
     D:2: 139 daAuts
